 Dungeon Crawl Stone Soup version 0.27.0-65-ge2af304b15 (webtiles) character file.

Game seed: 1384777309561832062

399 Ishikawa the Magician (level 7, -1/47 HPs)
             Began as a Human Hedge Wizard on Aug 18, 2021.
             Slain by a gnoll sergeant (10 damage)
             ... on level 5 of the Dungeon.
             The game lasted 00:20:41 (4731 turns).

Ishikawa the Magician (Human Hedge Wizard)          Turns: 4731, Time: 00:20:42

Health: -1/47      AC:  4    Str: 10    XL:     7   Next: 10%
Magic:  12/14      EV: 12    Int: 17    God:
Gold:   91         SH:  0    Dex: 12    Spells: 4/15 levels left

rFire    + . .     SeeInvis +   d - +4 short sword
rCold    . . .     Faith    .   (no shield)
rNeg     . . .     Spirit   .   q - +2 robe {rF+}
rPois    .         Reflect  .   c - +0 hat
rElec    .         Harm     .   (no cloak)
rCorr    .         Rampage  .   (no gloves)
Will     .....                  (no boots)
Stlth    ++........             (no amulet)
HPRegen  0.15/turn              t - ring of see invisible
MPRegen  0.14/turn              (no ring)

@: no status effects
A: no striking features
a: no special abilities


You were on level 5 of the Dungeon.
You visited 1 branch of the dungeon, and saw 5 of its levels.

You collected 157 gold pieces.
You spent 66 gold pieces at shops.

Inventory:

Hand Weapons
 a - a +2 dagger of draining
 d - a +4 short sword (weapon)
Armour
 c - a +0 hat (worn)
 q - a +2 robe of fire resistance (worn)
Jewellery
 t - a ring of see invisible (left hand)
Wands
 l - a wand of polymorph (10)
 s - a wand of iceblast (9)
Scrolls
 f - a scroll of fog {unknown}
 h - 2 scrolls of identify
 j - a scroll of torment {unknown}
 k - a scroll of teleportation
 m - a scroll of blinking {unknown}
 n - a scroll of silence {unknown}
 o - a scroll of enchant armour {unknown}
 p - a scroll of vulnerability {unknown}
 r - a scroll of noise {unknown}
Potions
 b - a potion of brilliance {unknown}
 e - a potion of lignification
 g - a potion of attraction {unknown}
 i - 2 potions of heal wounds {unknown}


   Skills:
 + Level 0.9 Fighting
 + Level 1.4 Short Blades
 + Level 2.5 Dodging
 + Level 2.9 Stealth
 + Level 4.7 Spellcasting
 + Level 2.4 Conjurations
 + Level 3.4 Summonings
 + Level 1.0 Translocations


You had 4 spell levels left.
You knew the following spells:

 Your Spells              Type           Power      Damage    Failure   Level
a - Magic Dart            Conj           48%        1d5       5%          1
b - Call Imp              Summ           15%        N/A       5%          2
c - Blink                 Tloc           N/A        N/A       14%         2
d - Conjure Flame         Conj/Fire      8%         6-21      26%         3
e - Mephitic Cloud        Conj/Pois/Air  6%         N/A       32%         3

Your spell library contained the following spells:

 Spells                   Type           Power      Damage    Failure   Level
 Corpse Rot               Necr/Air       N/A        N/A       22%         2
 Poisonous Vapours        Pois/Air       8%         N/A       22%         2
 Slow                     Hex            4%         N/A       22%         2
 Freezing Cloud           Conj/Ice/Air   3%         6-21      96%         5


Dungeon Overview and Level Annotations

Branches:
Dungeon (5/15)
 Temple: D:4-7

Altars:
Elyvilon
Hepliaklqana
Okawaru

Shops:
D:4 [


Message History

Casting: Call Imp (safe; 5% risk of failure)
Confirm with . or Enter, or press ? or * to list all spells.
A beastly little devil appears in a puff of flame.
Casting: Call Imp (safe; 5% risk of failure)
Confirm with . or Enter, or press ? or * to list all spells.
A beastly little devil appears in a puff of frigid air.
Your crimson imp blinks!
What are your orders? t - Shout!
Orders for allies: a - Attack new target. r - Retreat! s - Stop attacking. g - Guard the area. f - Follow me.
Anything else - Cancel.
Gang up on whom?
Press: ? - help, Dir - move target, f - gnoll sergeant
Aim: a gnoll sergeant, wielding a +4 spear and wearing a +0 scale mail (ally target) Attack!
The gnoll sergeant hits you from afar with a +4 spear!
Your crimson imp blinks!
The gnoll sergeant hits you from afar with a +4 spear!
Your white imp gestures at the gnoll sergeant.
The puff of frost hits the gnoll sergeant!
Your white imp gestures at the gnoll sergeant.
The puff of frost hits the gnoll sergeant.
The gnoll sergeant hits you from afar with a +4 spear!
The gnoll sergeant hits you from afar with a +4 spear!
* * * LOW HITPOINT WARNING * * *
A gnoll comes into view. It is wielding a +0 club.
Casting: Call Imp (safe; 5% risk of failure)
Confirm with . or Enter, or press ? or * to list all spells.
Aiming: Magic Dart (safe; 5% risk of failure)
Press: ? - help, Shift-Dir - straight line, f/p - gnoll sergeant
Aim: a gnoll sergeant, wielding a +4 spear and wearing a +0 scale mail (heavily wounded, ally target, 100% to hit)
Okay, then.
Your crimson imp blinks!
A gnoll comes into view. It is wielding a +0 whip.
The gnoll shouts!
There is a stone staircase leading down here.
The gnoll sergeant hits you from afar with a +4 spear!
You die...

#..#.###.........#
#...#........#...#####
.....###....###..###..#
#.........g..##..###....
#.......##..#....##.....
#####.#.g...##........
#..........#..........
#..........<...##.....
###....@.......5##...n<#
........#..###...#.#####
###.#..g#####.5....# ..
#...g..5.5#...#### .
#....g...........#
#.........########
#.........# #..##...####
#.# #?###


You could see a gnoll sergeant and 3 gnolls.

Vanquished Creatures
  A hound (D:5)
  An orc wizard (D:4)
  A hound skeleton (D:4)
  2 adders
  3 dart slugs
  2 worms
  4 orcs
  5 ball pythons
  3 endoplasms
  A giant cockroach (D:4)
  4 goblins
  6 hobgoblins
  4 quokkas
  2 bats
  A frilled lizard (D:2)
  A jackal skeleton (D:2)
  4 kobolds
  4 rats
49 creatures vanquished.

Vanquished Creatures (collateral kills)
  A necrophage (D:3)
  An ogre (D:4)
  Blork the orc (D:4)
  A scorpion (D:5)
  A water moccasin zombie (D:5)
  A jelly (D:4)
  A hound (D:5)
  2 orc priests (D:4)
  An adder (D:2)
  3 worms
  2 orcs (D:4)
  2 endoplasms
  A frilled lizard (D:1)
18 creatures vanquished.

Grand Total: 67 creatures vanquished

Notes
Turn   | Place    | Note
-------+----------+-------------------------------------------
     0 | D:1      | Ishikawa the Human Hedge Wizard began the quest for the
                  | Orb.
     0 | D:1      | Reached XP level 1. HP: 13/13 MP: 4/4
   309 | D:1      | Reached XP level 2. HP: 13/19 MP: 6/6
   433 | D:1      | Learned a level 2 spell: Call Imp
   436 | D:1      | Learned a level 2 spell: Blink
  1023 | D:1      | Noticed an ogre
  1023 | D:1      | Noticed an ogre
  1031 | D:1      | Noticed an ogre
  1032 | D:1      | Noticed an ogre
  1193 | D:2      | Reached XP level 3. HP: 24/24 MP: 0/7
  2046 | D:3      | Reached XP level 4. HP: 25/30 MP: 1/9
  2405 | D:3      | Found an iron altar of Okawaru.
  2792 | D:3      | Noticed a necrophage
  2862 | D:3      | Killed a necrophage
  2863 | D:3      | Reached skill level 1 in Short Blades
  2863 | D:3      | Reached XP level 5. HP: 12/35 MP: 1/10
  3354 | D:4      | Found Ifeof's Antique Armour Shoppe.
  3354 | D:4      | Noticed Blork the orc
  3425 | D:4      | Reached skill level 4 in Spellcasting
  3482 | D:4      | Noticed an ogre
  3517 | D:3      | Learned a level 3 spell: Conjure Flame
  3521 | D:3      | Learned a level 3 spell: Mephitic Cloud
  3829 | D:4      | Killed an ogre
  3830 | D:4      | Reached XP level 6. HP: 42/42 MP: 1/12
  3846 | D:5      | Entered Level 5 of the Dungeon
  3846 | D:5      | Noticed a necrophage
  4021 | D:4      | Found a hazy altar of Hepliaklqana.
  4125 | D:4      | Bought an embroidered robe for 66 gold pieces
  4148 | D:4      | Killed Blork the orc
  4238 | D:4      | Found a white marble altar of Elyvilon.
  4633 | D:5      | Reached XP level 7. HP: 32/47 MP: 6/14
  4731 | D:5      | Slain by a gnoll sergeant

Illustrated notes

Levels and vault maps discovered:
D:1:      erik_arrival_cave_to_civilisation [erik_arrival_cave_to_temple],
          layout_basic
D:2:      layout_basic
D:3:      layout_basic, lemuel_tele_altar
D:4:      layout_rooms, elyvilon_altar_3, kennysheep_mini_moat,
          nicolae_stop_n_shop_2, uniq_blork_the_orc
D:5:      layout_rooms, tgw_sif, minivault_19

Skill      XL: |  1  2  3  4  5  6 |
---------------+-------------------+-----
Short Blades   | 1 |  1.4
Conjurations   | 2 |  2.4
Summonings     | 2 3 |  3.4
Spellcasting   | 4 |  4.7
Fighting       | |  0.9
Dodging        | |  2.5
Stealth        | |  2.9
Translocations | |  1.0

Action                   |  1- 3 |  4- 6 |  7- 9 || total
-------------------------+-------+-------+-------++-------
Melee: Short sword       |    30 |    45 |       ||    75
       Dagger            |     1 |       |       ||     1
 Cast: Magic Dart        |    41 |    54 |       ||    95
       Call Imp          |     5 |    31 |     2 ||    38
  Use: Scroll            |       |     2 |       ||     2
 Stab: Distracted        |       |     1 |       ||     1
Armor: Robe              |     7 |     5 |       ||    12
Dodge: Dodged            |    24 |    33 |       ||    57
